 Dungeon Crawl Stone Soup version 0.29-a0-1030-gf5f8719cae (webtiles) character file.

Game seed: 2177051543444066459

23755 NatashaGaming the Thaumaturge (level 12, -3/87 HPs)
             Began as a Felid Summoner on Aug 14, 2022.
             Was an Initiate of Gozag.
             Slain by a death yak (19 damage)
             ... on level 5 of the Lair of Beasts.
             The game lasted 00:53:51 (23945 turns).

NatashaGaming the Thaumaturge (Felid Summoner)     Turns: 23945, Time: 00:53:52

Health: -3/87      AC: 26    Str:  4    XL:     12   Next: 74%
Magic:  8/40       EV:  4    Int: 30    God:    Gozag
Gold:   11988      SH:  0    Dex: 23    Spells: 5/39 levels left
                                        Lives:  0   Deaths: 4

rFire   . . .      SeeInvis +   (weapon unavailable)
rCold   . . .      Faith    .   (shield unavailable)
rNeg    . . .      Spirit   .   (body armour unavailable)
rPois   +          Reflect  .   (helmet unavailable)
rElec   .          Harm     .   (cloak unavailable)
rCorr   +          Rampage  +   (gloves unavailable)
Will    +....      NoTele   +   (boots unavailable)
Stlth   +++.......              q - amulet of the Echidna {Acrobat Rampage rCorr Int+2 Slay+3}
HPRegen 0.24/turn               a - ring "Ducejy" {MP+9 EV+4 Dex+7 Slay-3}
MPRegen 0.27/turn               h - +6 ring of intelligence

@: tree-form, gold aura, studying Summonings
A: stationary, stasis, torment immunity, boosted hp, very small, (claws 1),
(fangs 3), see invisible, (speed 1), (shaggy fur 3), (stealthy paws), no weapons
or thrown items, no armour, multi-lived
a: Renounce Religion, Potion Petition, Call Merchant, Bribe Branch


You were on level 5 of the Lair of Beasts.
You worshipped Gozag.
Gozag was extremely pleased with you.
You were a tree.
You visited 3 branches of the dungeon, and saw 17 of its levels.
You also visited: Volcano.

You collected 12060 gold pieces.
You paid 72 gold pieces to Gozag.

Inventory:

Jewellery
 a - the ring "Ducejy" (left branch) {MP+9 EV+4 Dex+7 Slay-3}
   (You acquired it on level 1 of the Dungeon)

   [ring of evasion]

   EV:        It affects your evasion (+4).
   Dex:       It affects your dexterity (+7).
   Slay:      It affects your accuracy & damage with ranged weapons and melee
   (-3).
   MP:        It affects your magic capacity (+9).
 b - a ring of magical power
 f - an amulet of faith
 h - a +6 ring of intelligence (right branch)
 j - a ring of flight
 q - the amulet of the Echidna (around neck) {Acrobat Rampage rCorr Int+2 Slay+3}
   (You acquired it on level 5 of the Dungeon)

   [amulet of the acrobat]

   It increases your evasion while moving and waiting.
   Int:       It affects your intelligence (+2).
   Slay:      It affects your accuracy & damage with ranged weapons and melee
   (+3).
   rCorr:     It protects you from acid and corrosion.
   Rampage:   It bestows one free step when moving towards enemies.
 r - an amulet of regeneration
 s - the amulet "Temmuw" {RegenMP MP+9}
   (You found it on level 5 of the Dungeon)

   [amulet of magic regeneration]

   It increases your rate of magic regeneration.
   MP:        It affects your magic capacity (+9).
 v - a ring of wizardry
 y - a ring of protection from fire
 A - a ring of positive energy
Wands
 m - a wand of flame (37)
 o - a wand of charming (13)
 p - a wand of polymorph (5)
 t - a wand of roots (15)
 x - a wand of digging (1)
Scrolls
 d - 45 scrolls of butterflies
Potions
 c - 8 potions of heal wounds
 e - 5 potions of cancellation
 g - 4 potions of attraction
 i - a potion of mutation
 k - 2 potions of ambrosia
 l - 3 potions of flight
 n - 4 potions of degeneration
 u - 2 potions of resistance
 w - 3 potions of might
 z - a potion of magic
 C - 2 potions of curing
 D - 2 potions of brilliance
 F - a potion of haste


   Skills:
 + Level 9.6 Fighting
 + Level 12.5 Dodging
 - Level 2.6 Stealth
 * Level 14.2 Spellcasting
 - Level 6.0 Hexes
 + Level 12.9 Summonings
 - Level 6.0 Translocations
 - Level 5.0 Air Magic


You had 5 spell levels left.
You knew the following spells:

 Your Spells              Type           Power      Damage    Failure   Level
a - Summon Small Mammal   Summ           100%       N/A       0%          1
b - Call Imp              Summ           78%        N/A       1%          2
c - Blink                 Tloc           100%       N/A       1%          2
d - Call Canine Familiar  Summ           78%        N/A       1%          3
e - Summon Guardian Gole  Hex/Summ       67%        N/A       1%          3
f - Summon Lightning Spi  Summ/Air       66%        N/A       1%          4
g - Swiftness             Air            50%        N/A       1%          3
h - Summon Forest         Summ/Tloc      33%        N/A       1%          5
i - Summon Mana Viper     Hex/Summ       67%        N/A       1%          5
j - Summon Cactus Giant   Summ           39%        N/A       1%          6

Your spell library contained the following spells:

 Spells                   Type           Power      Damage    Failure   Level
 Shock                    Conj/Air       100%       1d9       1%          1
 Poisonous Vapours        Pois/Air       72%        N/A       1%          2
 Static Discharge         Conj/Air       36%        3-8/arc   1%          2
 Dazzling Flash           Conj/Hex       78%        N/A       1%          3
 Gell's Gravitas          Tloc           55%        N/A       1%          3
 Lesser Beckoning         Tloc           55%        N/A       1%          3
 Teleport Other           Tloc           55%        N/A       1%          3
 Summon Ice Beast         Ice/Summ       56%        N/A       1%          4
 Beastly Appendage        Tmut           42%        N/A       2%          1
 Magic Dart               Conj           84%        1d7       2%          1
 Passwall                 Tmut/Erth      17%        N/A       3%          2
 Wereblood                Tmut           21%        N/A       3%          2
 Mephitic Cloud           Conj/Pois/Air  31%        N/A       3%          3
 Airstrike                Air            25%        2d(4-20)  3%          4
 Manifold Assault         Tloc           55%        N/A       5%          5
 Spider Form              Tmut/Pois      21%        N/A       7%          3
 Anguish                  Hex/Necr       19%        N/A       7%          4
 Silence                  Hex/Air        26%        N/A       7%          5
 Yara's Violent Unravell  Hex/Tmut       19%        3d9       19%         5
 Dispel Undead            Necr           21%        3d11      22%         4
 Flame Wave               Conj/Fire      21%        2d8       22%         4
 Sticky Flame             Conj/Fire      21%        2d4       22%         4
 Lightning Bolt           Conj/Air       18%        1d32      22%         5
 Freezing Cloud           Conj/Ice/Air   15%        6-21      32%         5
 Alistair's Intoxication  Tmut/Pois      14%        N/A       54%         5
 Iskenderun's Battlesphe  Conj           21%        2d7       54%         5
 Monstrous Menagerie      Summ           39%        N/A       10%         7
 Summon Hydra             Summ           39%        N/A       10%         7
 Dispersal                Tloc           27%        N/A       30%         6
 Malign Gateway           Summ/Tloc      33%        N/A       36%         7
 Summon Horrible Things   Summ           39%        N/A       58%         8
 Haunt                    Necr/Summ      28%        N/A       80%         7
 Spellforged Servitor     Conj/Summ      28%        N/A       80%         7
 Enfeeble                 Hex            27%        N/A       86%         7
 Eringya's Noxious Bog    Tmut/Pois      10%        N/A       98%         6
 Iron Shot                Conj/Erth      10%        9d3       98%         6
 Statue Form              Tmut/Erth      14%        N/A       98%         6
 Storm Form               Tmut/Air       18%        N/A       100%        7
 Necromutation            Tmut/Necr      10%        N/A       100%        8
 Chain Lightning          Conj/Air       18%        3d24      100%        9
 Shatter                  Erth           10%        3d12*     100%        9
 Corpse Rot               Necr/Pois/Air  Unusable   N/A       N/A         4

Dungeon Overview and Level Annotations

Branches:
Dungeon (11/15)            Temple (1/1) D:4            Lair (5/5) D:11
  Swamp (0/4) Lair:3        Snake (0/4) Lair:2        Slime (0/5) Lair:5
    Orc (0/2) D:10        Volcano (visited)

Altars:
Ashenzari
Cheibriados
Gozag
Hepliaklqana
Makhleb
Okawaru
Sif Muna
Vehumet
Wu Jian
Xom
Yredelemnul
The Shining One

Shops:
D:1 :   D:3 [[   D:9 [(=

Annotations:
D:4 2 transporters


Innate Abilities, Weirdness & Mutations

You are a tree.
Your roots penetrate the ground, keeping you stationary.
You cannot be teleported.
You are immune to unholy pain and torment.
Your maximum health is greatly increased.
((You have sharp claws.))
((You have razor-sharp teeth.))
You have supernaturally acute eyesight. (SInv)
((You cover ground quickly. (Speed+)))
((Your thick and shaggy fur keeps you warm. (AC +3, rC+)))
((Your paws help you pounce on unaware monsters.))
You are incapable of wielding weapons or throwing items.
You cannot wear armour.
You gain extra lives every three experience levels.


Message History

The elephant is no longer distracted by gold.
The death yak is no longer distracted by gold. x2
The yak is struck by your cactus giant's spines.
The yak gores your cactus giant!
The death yak is distracted by your dazzling golden aura.
The dream sheep are wreathed in dream dust.
You feel drowsy...
You fall asleep.
The dream sheep is distracted by your dazzling golden aura.
The elephant is distracted by your dazzling golden aura.
The komodo dragon is distracted by your dazzling golden aura.
Your warg bites the death yak!
Your rat bites the jelly.
Your rat is burned by acid!
Your rat dies!
Your rat's corpse disappears in a puff of smoke!
Your cactus giant hits the yak with a +0 giant spiked club!!
The yak dies!
The komodo dragon hisses angrily.
The elephant trumpets!
The death yak bellows!
The elephant is no longer distracted by gold. x4
The dream sheep is no longer distracted by gold.
Your warg bites the death yak!
The death yak gores you!!!
You wake up.
Ouch! That really hurt!
* * * LOW HITPOINT WARNING * * *
The elephant is distracted by your dazzling golden aura.
The dream sheep is distracted by your dazzling golden aura. x2
The elephant is distracted by your dazzling golden aura.
The yak is distracted by your dazzling golden aura.
The elephant is distracted by your dazzling golden aura. x3
The elephant trumpets!
The yak bellows!
The elephant trumpets! x3
Unknown command.
Unknown command.
You hit the death yak but do no damage.
The death yak is almost dead.
The sentinel's mark upon you fades away.
The basilisk is no longer distracted by gold.
The dream sheep is no longer distracted by gold.
Your warg barely misses the death yak.
The death yak is distracted by your dazzling golden aura.
The death yak gores you!!
You die...
Your body crumbles into a pile of gold.

......#......Y.
.....$......YY.
♣.
$.......#..Y...
#♣
......$.....YY.
.........$YYY.. .
........$..$Y..
..
.......YCY..Y.Y
..
...5.$)♣Y$.YY.. .
.......hl$.......
$
.......J.......P.
..#####$$#.#.....
. #$####.....
#...J......
#$....#..
#l...#.#
#..>......


You could see 3 death yaks, 8 elephants, a komodo dragon, 2 yaks, a basilisk, 4
dream sheep, a jelly, a friendly cactus giant (summoned, very poisoned), a
friendly warg (summoned) and a friendly crimson imp (summoned).

Vanquished Creatures
  A black mamba (Lair:2)
  Psyche (D:11)
  Grinder (D:5)
  A blink frog (Lair:3)
  An acid dragon (D:9)
  A bullfrog (D:9)
  A hound (D:6)
  An iguana (D:6)
  2 orc wizards
  An adder (D:2)
  A dart slug (D:3)
  6 orcs
  2 bats (D:2)
  2 endoplasms
  2 giant cockroaches
  5 goblins
  A hobgoblin (D:2)
  3 quokkas
  A ball python (D:2)
  2 frilled lizards
  4 kobolds
  2 rats
42 creatures vanquished.

Vanquished Creatures (collateral kills)
  Harold (D:9)
  2 boulder beetles
  5 hydras
  2 centaur warriors (D:10)
  2 two-headed ogres (D:10)
  A tengu warrior (D:10)
  An ugly thing (D:10)
  2 cyclopes (D:10)
  3 elephants (Lair:4)
  10 black mambas
  5 torpor snails (Lair:1)
  2 gargoyles (Volcano)
  5 rime drakes
  13 cane toads
  An efreet (Volcano)
  3 komodo dragons
  A tengu conjurer (D:10)
  3 trolls
  A polar bear (Lair:2)
  Prince Ribbit (D:6)
  13 blink frogs
  11 dream sheep
  A vampire (D:10)
  Sigmund (D:3)
  A nameless horror (D:11)
  23 yaks
  2 shadows (D:10)
  2 wraiths
  9 wyverns
  A fire elemental (Volcano)
  5 basilisks
  Menkaure (D:6)
  A steam dragon (D:10)
  A vampire mosquito (D:10)
  2 swamp worms (Lair:3)
  An acid dragon (D:10)
  17 water moccasins
  Edmund (D:6)
  A floating eye (shapeshifter) (D:10)
  4 orc warriors (D:10)
  9 wolves (Lair:2)
  3 ogres
  A centaur (D:9)
  3 kobold brigands
  Blork the orc (D:6)
  8 bullfrogs
  2 gnoll sergeants (D:11)
  3 scorpions
  6 wights
  Dowan (D:5)
  7 killer bees
  4 howler monkeys
  12 jellies
  2 lava snakes (D:9)
  7 orc priests
  2 hounds
  Crazy Yiuf (D:3)
  A gnoll bouda (D:6)
  5 iguanas
  10 orc wizards
  14 gnolls
  2 adders
  A white imp (D:7)
  2 worms (D:3)
  39 orcs
  A bat (D:3)
  5 endoplasms
  A giant cockroach (D:4)
  6 goblins
  9 hobgoblins
  6 jackals
  9 kobolds
  4 quokkas (D:1)
  2 ball pythons
  4 frilled lizards (D:1)
  A rat (D:1)
  5 bushes
361 creatures vanquished.

Vanquished Creatures (others)
  A boulder beetle (D:10)
  A rime drake (Lair:2)
  A troll (D:10)
  An acid dragon (D:9)
  Duvessa (D:5)
  A black bear (D:5)
  A gnoll sergeant (D:6)
  A wight (D:8)
  2 orc wizards
  5 gnolls
  3 orcs
  46 fungi
  83 plants
  3 snaplasher vines
150 creatures vanquished.

Grand Total: 553 creatures vanquished

Notes
Turn   | Place    | Note
-------+----------+-------------------------------------------
     0 | D:1      | NatashaGaming the Felid Summoner began the quest for the
                  | Orb.
     0 | D:1      | Reached XP level 1. HP: 7/7 MP: 4/4
     5 | D:1      | Identified a scroll of acquirement
     5 | D:1      | Acquired a book of the Wilderness
   339 | D:1      | Reached XP level 2. HP: 11/11 MP: 3/6
   339 | D:1      | Acquired a Grand Grimoire
   371 | D:1      | Learned a level 2 spell: Call Imp
   381 | D:1      | Acquired the ring "Ducejy" {MP+9 EV+4 Dex+7 Slay-3}
   920 | D:1      | Learned a level 2 spell: Blink
   972 | D:1      | Found Ideg Lixt's Book Emporium.
  1120 | D:2      | Found a burning altar of Makhleb.
  1213 | D:2      | Reached XP level 3. HP: 5/14 MP: 8/8
  1581 | D:2      | Found a faded altar of an unknown god.
  1709 | D:2      | Reached skill level 1 in Translocations
  2331 | D:3      | Reached skill level 3 in Spellcasting
  2614 | D:3      | Found Nibeunur's Armour Shoppe.
  2619 | D:3      | Identified the +5 mace "Laigunwa" {flame, rF+ Dex+2}
  2690 | D:3      | Found Ecop's Armour Shop.
  2700 | D:3      | Learned a level 3 spell: Call Canine Familiar
  2801 | D:3      | Reached XP level 4. HP: 10/18 MP: 9/9
  2963 | D:3      | Noticed Sigmund
  3008 | D:3      | Killed Sigmund
  3009 | D:3      | Reached skill level 4 in Spellcasting
  3009 | D:3      | Reached skill level 5 in Summonings
  3009 | D:3      | Reached XP level 5. HP: 21/21 MP: 12/12
  3137 | D:3      | Acquired 789 gold pieces
  3433 | D:3      | Found a runed translucent door.
  3434 | D:3      | Noticed Crazy Yiuf
  3666 | D:3      | Learned a level 3 spell: Summon Guardian Golem
  3670 | D:3      | Killed Crazy Yiuf
  3748 | D:4      | Acquired 1075 gold pieces
  3789 | D:4      | Gained mutation: You are covered in thick fur. (AC +2)
                  | [Felid growth]
  3789 | D:4      | Reached XP level 6. HP: 24/24 MP: 13/13
  3885 | D:4      | Acquired 579 gold pieces
  3956 | D:4      | Found a transporter.
  3956 | D:4      | Found a staircase to the Ecumenical Temple.
  3981 | Temple   | Entered the Ecumenical Temple
  4008 | Temple   | Became a worshipper of Gozag Ym Sagoz the Greedy
  4174 | D:4      | Found a transporter.
  4195 | D:4      | Acquired 476 gold pieces
  4197 | D:4      | Acquired 1056 gold pieces
  4325 | D:4      | Reached skill level 5 in Spellcasting
  4614 | D:4      | Noticed a fire bat
  4614 | D:4      | Noticed a fire bat
  4995 | D:5      | Entered Level 5 of the Dungeon
  5058 | D:5      | Noticed Dowan
  5071 | D:5      | Reached XP level 7. HP: 27/27 MP: 16/16
  5088 | D:5      | Acquired the amulet of the Echidna {Acrobat Rampage rCorr
                  | Int+2 Slay+3}
  5103 | D:5      | Noticed Duvessa
  5114 | D:5      | Killed Dowan
  5131 | D:5      | Killed Duvessa
  5132 | D:5      | Reached skill level 6 in Spellcasting
  5149 | D:5      | Noticed Grinder
  5150 | D:5      | Slain by a gnoll
  5151 | D:5      | Reached XP level 6. HP: -1/24 MP: 7/25
  5205 | D:5      | Reached XP level 7. HP: 15/27 MP: 18/18
  5219 | D:5      | Paralysed by Grinder for 2 turns
  5242 | D:5      | Killed Grinder
  5243 | D:5      | Reached skill level 7 in Spellcasting
  5446 | D:5      | Learned a level 4 spell: Summon Lightning Spire
  5579 | D:5      | Identified the amulet "Temmuw" {RegenMP MP+9}
  5671 | D:5      | Acquired 1137 gold pieces
  5872 | D:6      | Noticed Prince Ribbit
  5917 | D:6      | Killed Prince Ribbit
  5918 | D:6      | Reached skill level 1 in Fighting
  5918 | D:6      | Reached skill level 1 in Hexes
  5918 | D:6      | Reached XP level 8. HP: 25/33 MP: 16/20
  6046 | D:6      | Noticed Menkaure
  6052 | D:6      | Killed Menkaure
  6053 | D:6      | Reached skill level 1 in Air Magic
  6159 | D:6      | Noticed Blork the orc
  6170 | D:6      | Killed Blork the orc
  6503 | D:6      | Acquired the Discourse on Lethal Conduction
  6505 | D:6      | Acquired Sif Muna's Guidebook on the Ashen Storm
  6768 | D:6      | Reached skill level 8 in Spellcasting
  7084 | D:6      | Noticed Edmund
  7097 | D:6      | Killed Edmund
  7733 | D:7      | Reached XP level 9. HP: 34/38 MP: 22/22
  8236 | D:7      | Reached skill level 5 in Dodging
  8841 | D:7      | Acquired 839 gold pieces
  9343 | D:8      | Learned a level 3 spell: Swiftness
  9349 | D:8      | Learned a level 5 spell: Summon Forest
  9460 | D:8      | Found an ornate altar of the Wu Jian Council.
  9466 | D:8      | Found an iron altar of Okawaru.
  9846 | D:8      | Identified the +2 leather armour of the Endless Expanse
                  | {rN+}
 10276 | D:8      | Acquired 775 gold pieces
 10534 | D:9      | Acquired a Fen Folio
 10547 | D:9      | Reached skill level 9 in Spellcasting
 10634 | D:9      | Found Qufuf's Antique Weapon Boutique.
 11028 | D:9      | Found Etiggec's Antique Armour Shoppe.
 11090 | D:9      | Noticed Harold
 11466 | D:9      | Noticed a troll
 11541 | D:9      | Killed a troll
 11716 | D:9      | Found Ciwar's Jewellery Boutique.
 11781 | D:9      | Acquired the Exposition on Assembling
 11992 | D:9      | Killed Harold
 11993 | D:9      | Reached XP level 10. HP: 43/43 MP: 12/24
 12687 | D:10     | Entered Level 10 of the Dungeon
 12928 | D:10     | Found a staircase to the Orcish Mines.
 13136 | D:10     | Reached skill level 5 in Translocations
 13358 | D:10     | Reached skill level 5 in Fighting
 13399 | D:10     | Reached skill level 10 in Spellcasting
 13407 | D:10     | Noticed a two-headed ogre
 13437 | D:10     | Killed a two-headed ogre
 13727 | D:10     | Noticed a cyclops
 13854 | D:10     | Noticed a centaur warrior
 13857 | D:10     | Killed a cyclops
 13859 | D:10     | HP: 1/45 [centaur warrior/arrow (25)]
 13867 | D:10     | Shot with an arrow by a centaur warrior
 13868 | D:10     | Reached XP level 9. HP: -15/41 MP: 28/33
 13932 | D:10     | Noticed an unseen horror
 13935 | D:10     | Noticed a queen bee
 13935 | D:10     | an unseen horror changed into a queen bee
 13958 | D:10     | Noticed a salamander
 13958 | D:10     | a queen bee changed into a salamander
 13970 | D:10     | Noticed a tengu conjurer
 13978 | D:10     | Noticed an unseen horror
 13982 | D:10     | Noticed a troll
 13982 | D:10     | an unseen horror changed into a troll
 13989 | D:10     | Slain by a centaur warrior
 13990 | D:10     | Reached XP level 8. HP: 0/38 MP: 22/32
 14036 | D:10     | Noticed a troll
 14036 | D:10     | Noticed a troll
 14036 | D:10     | Noticed a cyclops
 14051 | D:10     | Killed a troll
 14052 | D:10     | Reached XP level 9. HP: 41/41 MP: 16/24
 14059 | D:10     | Learned a level 5 spell: Summon Mana Viper
 14062 | D:10     | Killed a troll
 14134 | D:10     | Killed a cyclops
 14149 | D:10     | Killed a tengu conjurer
 14194 | D:10     | Noticed a cyan ugly thing
 14204 | D:10     | Killed a cyan ugly thing
 14280 | D:10     | Noticed a tengu warrior
 14280 | D:10     | Noticed a centaur warrior
 14293 | D:10     | Killed a centaur warrior
 14293 | D:10     | Killed a centaur warrior
 14294 | D:10     | Reached XP level 10. HP: 45/45 MP: 11/25
 14297 | D:10     | Killed a tengu warrior
 14298 | D:10     | Reached skill level 11 in Spellcasting
 14441 | D:10     | Noticed a two-headed ogre
 14465 | D:10     | Killed a two-headed ogre
 14530 | D:10     | Noticed an elephant
 14563 | D:10     | an elephant changed into a floating eye
 14740 | D:10     | Noticed a boulder beetle
 14795 | D:10     | Killed a boulder beetle
 15290 | D:11     | Reached skill level 5 in Hexes
 15290 | D:11     | Reached XP level 11. HP: 49/49 MP: 16/27
 15369 | D:11     | Found a staircase to the Lair.
 16064 | D:11     | Noticed Psyche
 16078 | D:11     | Killed Psyche
 16079 | D:11     | Reached skill level 10 in Summonings
 16248 | D:11     | Noticed a boulder beetle
 16261 | D:11     | Killed a boulder beetle
 16741 | Lair:1   | Entered Level 1 of the Lair of Beasts
 16745 | Lair:1   | Acquired Dauzas's Catalogue of the Cobbler
 16802 | Lair:1   | Reached skill level 12 in Spellcasting
 16905 | Lair:1   | Reached skill level 10 in Dodging
 16978 | Lair:1   | Found a snail-covered altar of Cheibriados.
 17132 | Lair:1   | Noticed an eight-headed hydra
 17147 | Lair:1   | Killed an eight-headed hydra
 18160 | Lair:2   | Gained mutation: Your thick and shaggy fur keeps you warm.
                  | (AC +3, rC+) [Felid growth]
 18160 | Lair:2   | Reached XP level 12. HP: 55/55 MP: 21/29
 18261 | Lair:2   | Found a dark tunnel.
 18266 | Volcano  | Entered a volcano
 18779 | Lair:2   | Found a staircase to the Snake Pit.
 18783 | Lair:2   | Reached skill level 13 in Spellcasting
 18923 | Lair:2   | Learned a level 6 spell: Summon Cactus Giant
 19074 | Lair:2   | Noticed a four-headed hydra
 19092 | Lair:2   | Killed a four-headed hydra
 20137 | Lair:2   | Acquired a book of Maledictions
 20938 | Lair:3   | Acquired a There-And-Back Book
 20940 | Lair:3   | Acquired 977 gold pieces
 20942 | Lair:3   | Acquired 256 gold pieces
 21276 | Lair:3   | Noticed a four-headed hydra
 21282 | Lair:3   | Killed a four-headed hydra
 21598 | Lair:3   | Reached XP level 13. HP: 59/60 MP: 16/31
 22057 | Lair:3   | Found a staircase to the Swamp.
 22856 | Lair:4   | Acquired 463 gold pieces
 23050 | Lair:4   | Found a basalt altar of Yredelemnul.
 23204 | Lair:4   | Reached skill level 5 in Air Magic
 23904 | Lair:5   | Entered Level 5 of the Lair of Beasts
 23909 | Lair:5   | Slain by an elephant
 23910 | Lair:5   | Reached XP level 12. HP: 0/57 MP: 23/39
 23910 | Lair:5   | Found a staircase to the Slime Pits.
 23918 | Lair:5   | Noticed a boulder beetle
 23927 | Lair:5   | Reached skill level 14 in Spellcasting
 23933 | Lair:5   | Killed a seven-headed hydra
 23934 | Lair:5   | Killed a boulder beetle
 23935 | Lair:5   | Noticed a death yak
 23945 | Lair:5   | Slain by a death yak

Illustrated notes

Levels and vault maps discovered:
D:1:      minmay_arrival_arboretum_small, layout_rooms, serial_shops, shop
D:2:      layout_loops_ring, hellmonk_ecumenical_altar_leap_of_faith,
          basic_altar
D:3:      layout_loops_ring, serial_shops, nicolae_shop_trees, shop_fountains,
          st_stairs_7, chequers_serial_rivers_micro_d, uniq_sigmund,
          uniq_crazy_yiuf_cottage
D:4:      gammafunk_cloud_chamber, layout_gridville, minmay_temple_entry_waves,
          minmay_goblin_outpost
D:5:      layout_gridville, minmay_misc_feat_columns, grunt_decor_mini_mirrors,
          uniq_duvessa, uniq_grinder
D:6:      layout_loops_ring, chequers_serial_rivers_room_a, uniq_prince_ribbit1,
          uniq_edmund, uniq_blork_the_orc, uniq_menkaure
D:7:      layout_rooms, hangedman_decor_opposing
D:8:      layout_basic, amethyst_overflow_temple_binary
D:9:      layout_layer_cave, serial_shops, shop, nicolae_shop_advertising_works
          [nicolae_subvault_shop_adworks], nicolae_inconvenience_store,
          uniq_harold
D:10:     minmay_the_grid_plus_closed [minmay_the_grid_paths,
          minmay_the_grid_tiny_cups, minmay_the_grid_spin_star,
          minmay_the_grid_minigrid_medium,
          minmay_the_grid_prize_four_corners_diamond_a], layout_loops_ring,
          minmay_orc_entry_temple_small, minmay_misc_feat_plants
D:11:     layout_loops_corners, minmay_lair_entry_grove, uniq_psyche
Temple:   nicolae_temple_bog_church
Lair:1:   layout_regular_city, grunt_forest_stairs_basic,
          kennysheep_snail_temple, serial_bayou_shore_a
Lair:2:   layout_long_grid, minmay_snake_entry_six_corridors, enter_volcano_4,
          st_stairs_8, lemuel_fruit_tree
Lair:3:   layout_gridlike, palyth_hydra_swamp_entry
Lair:4:   layout_long_grid, basic_altar, chequers_serial_rivers_micro_b,
          lookout_lair_type, evilmike_ambush [evilmike_ambush_outer_basic,
          evilmike_ambush_inner_wall_1]
Lair:5:   hellmonk_lair_end_abyssal_woods, layout_long_grid,
          minmay_slime_entry_jelly_boxes, ebering_ghost_xom, minivault_23,
          grunt_megastairs_3

Skill      XL: |  1  2  3  4  5  6  7  8  9 10 11 12 13 |
---------------+----------------------------------------+-----
Translocations | 1 2 4 5 6 |  6.0
Spellcasting   | 3 4 5 7 8 9 11 12 14 | 14.2
Summonings     | 5 6 7 8 9 10 11 12 | 12.9
Fighting       | 1 3 6 5 8 9 |  9.6
Dodging        | 3 4 8 9 10 11 12 | 12.5
Hexes          | 1 3 5 6 |  6.0
Air Magic      | 2 3 4 5 |  5.0
Stealth        | |  2.6

Action                   |  1- 3 |  4- 6 |  7- 9 | 10-12 | 13-15 || total
-------------------------+-------+-------+-------+-------+-------++-------
Melee: Unarmed           |   124 |    46 |   167 |   109 |    34 ||   480
       Bite              |    14 |     7 |    30 |    21 |     7 ||    79
       Punch             |     1 |       |     4 |     1 |       ||     6
 Cast: Summon Small Mamm |    33 |    15 |    45 |    13 |       ||   106
       Call Imp          |    14 |     6 |    26 |     6 |     1 ||    53
       Blink             |     4 |     4 |    19 |     1 |       ||    28
       Call Canine Famil |       |    15 |    52 |    56 |    14 ||   137
       Summon Guardian G |       |     4 |    18 |     9 |     2 ||    33
       Summon Lightning  |       |       |    20 |    65 |    11 ||    96
       Summon Forest     |       |       |     6 |    42 |    11 ||    59
       Summon Mana Viper |       |       |     2 |    47 |     9 ||    58
       Summon Cactus Gia |       |       |       |    20 |    11 ||    31
Evoke: Wand              |       |     1 |       |       |       ||     1
  Use: Scroll            |     4 |     5 |     9 |     5 |     1 ||    24
       Potion            |       |       |     2 |     2 |       ||     4
 Stab: Sleeping          |     6 |     4 |     3 |     3 |       ||    16
       Distracted        |     1 |       |     3 |     2 |     1 ||     7
Armor: Skin              |     3 |     2 |    13 |     7 |       ||    25
Dodge: Dodged            |   134 |    43 |   221 |   140 |    47 ||   585

Table legend: (Time is in decaauts)
 A = Elapsed time spent in this place.
 B = Non-inter-level travel time spent in this place.
 C = Inter-level travel time spent in this place.
 D = Time resting spent in this place.
 E = Time spent auto-exploring this place.
 F = Levels seen in this place.
 G = Mean time per level.
                   A        B        C        D        E       F      G
               +--------+--------+--------+--------+--------+-----+--------+
         Total |  21819 |  21413 |    406 |    494 |  17084 |  18 | 1212.2 |
       Dungeon |  15144 |  14789 |    355 |    484 |  11547 |  11 | 1376.7 |
        Temple |     35 |     35 |      0 |      0 |     13 |   1 |   35.0 |
          Lair |   6310 |   6259 |     51 |     10 |   5348 |   5 | 1262.0 |
       Volcano |    328 |    328 |      0 |      0 |    175 |   1 |  328.0 |
               +--------+--------+--------+--------+--------+-----+--------+

Top non-repeatable levels by time:
    D:10: 2386 daAuts
  Lair:3: 1825 daAuts
     D:9: 1788 daAuts
  Lair:2: 1778 daAuts
     D:8: 1651 daAuts
     D:6: 1457 daAuts
  Lair:4: 1400 daAuts
     D:3: 1346 daAuts
     D:7: 1308 daAuts
    D:11: 1293 daAuts
  Lair:1: 1267 daAuts
     D:2: 1101 daAuts
     D:1: 1039 daAuts
     D:4: 1035 daAuts
     D:5: 735 daAuts
